 Dungeon Crawl Stone Soup version 0.30.1-11-g7821555f0a (webtiles) character file.

Game seed: 3207981604568185831

16 Terpe the Trooper (level 2, -4/27 HPs)
             Began as a Hill Orc Fighter on Nov 10, 2023.
             Slain by Sigmund
             ... wielding a +0 scythe
              (10 damage)
             ... on level 2 of the Dungeon.
             The game lasted 00:18:16 (807 turns).

Terpe the Trooper (Hill Orc Fighter)                 Turns: 807, Time: 00:18:17

Health: -4/27      AC:  7    Str: 18    XL:     2   Next: 58%
Magic:  2/2        EV:  9    Int:  8    God:
Gold:   171        SH:  4    Dex: 10    Spells: 1/1 levels left

rFire   + . .        a - +0 flail
rCold   x . .        c - +0 buckler
rNeg    . . .        b - +0 scale mail
rPois   .            (no helmet)
rElec   .            (no cloak)
rCorr   .            (no gloves)
SInv    .            (no boots)
Will    .....        (no amulet) Stlth
                     f - ring of fire
HPRegen 0.24/turn    (no ring)
MPRegen 0.08/turn

%: no passive effects
@: no status effects
A: no striking features
a: no special abilities


You were on level 2 of the Dungeon.
You visited 1 branch of the dungeon, and saw 2 of its levels.

You collected 171 gold pieces.

Inventory:

Hand Weapons
 a - a +0 flail (weapon)
Missiles
 i - 4 poisoned darts (quivered)
Armour
 b - a +0 scale mail (worn)
 c - a +0 buckler (worn)
Jewellery
 f - a ring of fire (left hand)
Potions
 d - a potion of attraction
 h - a potion of degeneration {unknown}
 l - a potion of magic {unknown}


   Skills:
 + Level 4.0 Fighting
 + Level 2.1 Maces & Flails
 + Level 0.4 Polearms
 + Level 3.7 Armour
 + Level 3.4 Shields


You had one spell level left.
You didn't know any spells.
Your spell library contained the following spells:

 Spells                   Type           Power      Damage    Failure   Level
 Gell's Gravitas          Tloc           0%         N/A       99%         3
 Teleport Other           Tloc           0%         N/A       99%         3
 Dispersal                Tloc           0%         N/A       100%        6


Dungeon Overview and Level Annotations

Branches:
Dungeon (2/15)

Altars:

Annotations:
D:2 Sigmund


Message History

You drop a +0 robe.
a - a +0 flail (weapon)
You drop a +0 spear.
You drop a +0 short sword.
You drop a +0 ring mail.
There is a stone staircase leading down here.
You can't go up here!
You climb downwards.
Found 8 gold pieces.
There is a stone staircase leading up here.
You now have 171 gold pieces (gained 8).
You open the door.
Found a stone staircase leading up.
Found a stone staircase leading down.
There is an open door here.
You open the door.
Sigmund the Dreaded comes into view.
He is wielding a +0 scythe.
Sigmund shouts!
Sigmund casts a spell.
Sigmund flickers and vanishes!
Deactivating autopickup; reactivate with Ctrl-A.
Something hits you but does no damage.
There is an open door here.
You hit something but do no damage. You barely miss something.
You block something's attack.
You sock something! Something hits you.
You miss something. You block something's attack.
You hit something but do no damage. Something hits you.
You closely miss something. Something hits you.
You barely miss something. Something hits you!
* * * LOW HITPOINT WARNING * * *
You hit something but do no damage. Something hits you.
* * * LOW HITPOINT WARNING * * *
You miss something. You miss something. Something hits you but does no damage.
You closely miss something. Something hits you.
* * * LOW HITPOINT WARNING * * *
You closely miss something. You block something's attack.
You miss something. Something hits you!
You die...

##+## ##...##
##.....## ##.
##..>....##
#....###<........#
......{@.........+
.....###.........#
#.#. ##.......##
... ##.....## ...
##...## ### #.#
##'## ... #.# #.#
..# #.# #.##.##
#####.#####
##.....#


There were no monsters in sight!

Vanquished Creatures
  4 endoplasms (D:1)
  A giant cockroach (D:1)
  2 hobgoblins (D:1)
  5 bats (D:1)
  A frilled lizard (D:1)
  A kobold (D:1)
  A rat (D:1)
15 creatures vanquished.

Notes
Turn   | Place    | Note
-------+----------+-------------------------------------------
     0 | D:1      | Terpe the Hill Orc Fighter began the quest for the Orb.
     0 | D:1      | Reached XP level 1. HP: 19/19 MP: 1/1
   264 | D:1      | Reached XP level 2. HP: 19/27 MP: 2/2
   352 | D:1      | Reached skill level 4 in Fighting
   793 | D:2      | Noticed Sigmund
   807 | D:2      | Slain by Sigmund

Illustrated notes

Levels and vault maps discovered:
D:1:      amcnicky_arrival_double_pillar, layout_basic, dreamdust_wishing_well,
          hangedman_abyss_or_decor_lesser_grid, minmay_hedge_maze
D:2:      layout_loops_corners, uniq_sigmund

Skill      XL: |  1  2 |
---------------+-------+-----
Fighting       | 4 |  4.0
Maces & Flails | |  2.1
Polearms       | |  0.4
Armour         | |  3.7
Shields        | |  3.4

Action                     || total
---------------------------++-------
  Melee: Spear             ||    50
         Flail             ||    13
    Use: Potion            ||     1
         Scroll            ||     1
 Armour: Scale mail        ||    28
  Dodge: Dodged            ||    28
  Block: Buckler           ||    14
